SA
BELLEVUE BRUINS @ CONNETQUOT CHIEFS
09/04/2020
 
TOP OF THE 1ST
Bellevue Bruins batting - Pitching for Connetquot Chiefs : LHP Víctor Sánchez
Pitching: LHP Víctor Sánchez
Batting: RHB Leo Shoemaker 0-0: Called Strike
0-1: Ball
1-1: Ground out 4-3 (Groundball, 4)
Batting: RHB Edgar González 0-0: Swinging Strike
0-1: Fly out, F3 (Popup, 23F)
Batting: RHB Manuel Becerra 0-0: Called Strike
0-1: Foul Ball, location: 2F
0-2: Ball
1-2: Ball
2-2: Strikes out swinging
Top of the 1st over - 0 run(s), 0 hit(s), 0 error(s), 0 left on base; Bellevue 0 - Connetquot 0
BOTTOM OF THE 1ST
Connetquot Chiefs batting - Pitching for Bellevue Bruins : RHP Jorge Carrión
Pitching: RHP Jorge Carrión
Batting: LHB Keith Alexander 0-0: Called Strike
0-1: Ball
1-1: Called Strike
1-2: Foul Ball, location: 2F
1-2: Strikes out swinging
Batting: SHB Antonio Vaccarini 0-0: SINGLE (Groundball, 15) (infield hit)
Batting: RHB José Magana 0-0: Ball
1-0: Swinging Strike
1-1: Foul Ball, location: 2F
1-2: Strikes out looking
Batting: RHB Miguel Rodríguez 0-0: Called Strike
0-1: Ball
1-1: Swinging Strike
1-2: Strikes out looking
Bottom of the 1st over - 0 run(s), 1 hit(s), 0 error(s), 1 left on base; Bellevue 0 - Connetquot 0
TOP OF THE 2ND
Bellevue Bruins batting - Pitching for Connetquot Chiefs : LHP Víctor Sánchez
Batting: SHB Ernesto Valenzuela 0-0: Called Strike
0-1: Ground out 4-3 (Groundball, 4M)
Batting: RHB José Carlos Pérez 0-0: Called Strike
0-1: Ball
1-1: Swinging Strike
1-2: Foul Ball, location: 2F
1-2: Ball
2-2: Foul Ball, location: 2F
2-2: Foul Ball, location: 2F
2-2: Foul Ball, location: 2F
2-2: Ball
3-2: Foul Ball, location: 2F
3-2: Strikes out looking
Batting: RHB Jim Unknown 0-0: Ball
1-0: Ball
2-0: Fly out, F9 (Flyball, 9S)
Top of the 2nd over - 0 run(s), 0 hit(s), 0 error(s), 0 left on base; Bellevue 0 - Connetquot 0
BOTTOM OF THE 2ND
Connetquot Chiefs batting - Pitching for Bellevue Bruins : RHP Jorge Carrión
Batting: RHB Rafael Canseco 0-0: Fly out, F9 (Flyball, 89S)
Batting: RHB Bernaldyn Berbedo 0-0: SINGLE (Groundball, 56D)
Batting: RHB Fred Burt 0-0: Ball
1-0: Ball
2-0: Swinging Strike
2-1: Swinging Strike
2-2: SINGLE (Line Drive, 7S)
Bernaldyn Berbedo to second
Batting: RHB Lúcio Marín 0-0: Ball
Wild Pitch!
Bernaldyn Berbedo to third
Fred Burt to second
1-0: Ball
Passed Ball!
Bernaldyn Berbedo scores
Fred Burt to third
2-0: Called Strike
2-1: Fly out, F7 (Flyball, 7M)
Runner from 3rd tags up, SCORES, throw made
Batting: RHB Bert Motevassel 0-0: Ball
1-0: Foul Ball, location: 2F
1-1: SINGLE (Groundball, 34D)
Batting: LHB Keith Alexander 0-0: Ball
1-0: Foul Ball, location: 2F
1-1: Ball
2-1: Ball
3-1: Swinging Strike
3-2: Strikes out looking
Bottom of the 2nd over - 2 run(s), 3 hit(s), 0 error(s), 1 left on base; Bellevue 0 - Connetquot 2
TOP OF THE 3RD
Bellevue Bruins batting - Pitching for Connetquot Chiefs : LHP Víctor Sánchez
Batting: LHB Jim Unknown 0-0: Swinging Strike
0-1: Swinging Strike
0-2: Strikes out swinging
Batting: LHB Jim Unknown 0-0: Ground out 5-3 (Groundball, 5)
Batting: LHB Jim Unknown 0-0: Ball
1-0: Ball
2-0: Ball
3-0: Base on Balls
Batting: RHB Leo Shoemaker 0-0: Fly out, F9 (Flyball, 9M)
Top of the 3rd over - 0 run(s), 0 hit(s), 0 error(s), 1 left on base; Bellevue 0 - Connetquot 2
BOTTOM OF THE 3RD
Connetquot Chiefs batting - Pitching for Bellevue Bruins : RHP Jorge Carrión
Batting: SHB Antonio Vaccarini 0-0: Swinging Strike
0-1: Ball
1-1: Ball
2-1: Foul Ball, location: 2F
2-2: Strikes out swinging
Batting: RHB José Magana 0-0: Called Strike
0-1: Ball
1-1: Called Strike
1-2: SINGLE (Line Drive, 6MD)
Batting: RHB Miguel Rodríguez 0-0: Called Strike
0-1: Ball
1-1: Fly out, F4 (Popup, 4)
Batting: RHB Rafael Canseco 0-0: Called Strike
0-1: Foul Ball, location: 2F
0-2: Strikes out swinging
Bottom of the 3rd over - 0 run(s), 1 hit(s), 0 error(s), 1 left on base; Bellevue 0 - Connetquot 2
TOP OF THE 4TH
Bellevue Bruins batting - Pitching for Connetquot Chiefs : LHP Víctor Sánchez
Batting: RHB Edgar González 0-0: Swinging Strike
0-1: Swinging Strike
0-2: Foul Ball, location: 2F
0-2: Strikes out swinging
Batting: RHB Manuel Becerra 0-0: SINGLE (Groundball, 56D)
Batting: SHB Ernesto Valenzuela 0-0: Ball
1-0: Ball
2-0: Ball
3-0: Called Strike
3-1: Foul Ball, location: 2F
3-2: Ground out 1-3 (Groundball, 2R)
Manuel Becerra to second
Batting: RHB José Carlos Pérez 0-0: Ball
1-0: Called Strike
1-1: Swinging Strike
1-2: Strikes out swinging
Top of the 4th over - 0 run(s), 1 hit(s), 0 error(s), 1 left on base; Bellevue 0 - Connetquot 2
BOTTOM OF THE 4TH
Connetquot Chiefs batting - Pitching for Bellevue Bruins : RHP Jorge Carrión
Batting: RHB Bernaldyn Berbedo 0-0: Foul Ball, location: 2F
0-1: Fly out, F8 (Popup, 8RS)
Batting: RHB Fred Burt 0-0: Called Strike
0-1: Ground out 1-3 (Groundball, 15)
Batting: RHB Lúcio Marín 0-0: Ground out 3-1 (Groundball, 34)
Bottom of the 4th over - 0 run(s), 0 hit(s), 0 error(s), 0 left on base; Bellevue 0 - Connetquot 2
TOP OF THE 5TH
Bellevue Bruins batting - Pitching for Connetquot Chiefs : LHP Víctor Sánchez
Batting: RHB Jim Unknown 0-0: Called Strike
0-1: Called Strike
0-2: Ball
1-2: Foul Ball, location: 2F
1-2: Ball
2-2: Strikes out swinging
Batting: LHB Jim Unknown 0-0: Ball
1-0: Foul Ball, location: 2F
1-1: Ball
2-1: Ball
3-1: Called Strike
3-2: Base on Balls
Batting: LHB Jim Unknown 0-0: Called Strike
0-1: Grounds into double play, 4-6-3 (Groundball, 34)
Top of the 5th over - 0 run(s), 0 hit(s), 0 error(s), 0 left on base; Bellevue 0 - Connetquot 2
BOTTOM OF THE 5TH
Connetquot Chiefs batting - Pitching for Bellevue Bruins : RHP Jorge Carrión
Batting: RHB Bert Motevassel 0-0: Ground out 5-3 (Groundball, 5S)
Batting: LHB Keith Alexander 0-0: Ball
1-0: Foul Ball, location: 2F
1-1: Called Strike
1-2: Foul Ball, location: 2F
1-2: Ball
2-2: Ball
3-2: Foul Ball, location: 2F
3-2: Strikes out swinging
Batting: SHB Antonio Vaccarini 0-0: Ball
1-0: Swinging Strike
1-1: Called Strike
1-2: Ball
2-2: Fly out, F8 (Flyball, 8LM)
Bottom of the 5th over - 0 run(s), 0 hit(s), 0 error(s), 0 left on base; Bellevue 0 - Connetquot 2
TOP OF THE 6TH
Bellevue Bruins batting - Pitching for Connetquot Chiefs : LHP Víctor Sánchez
Batting: LHB Jim Unknown 0-0: Ball
1-0: Ball
2-0: Foul Ball, location: 2F
2-1: Swinging Strike
2-2: Strikes out swinging
Batting: RHB Leo Shoemaker 0-0: Ball
1-0: Ball
2-0: Ball
3-0: Called Strike
3-1: Foul Ball, location: 2F
3-2: Base on Balls
Batting: RHB Edgar González 0-0: Called Strike
0-1: Foul Ball, location: 2F
0-2: Ball
1-2: Grounds into double play, 6-4-3 (Groundball, 6)
Top of the 6th over - 0 run(s), 0 hit(s), 0 error(s), 0 left on base; Bellevue 0 - Connetquot 2
BOTTOM OF THE 6TH
Connetquot Chiefs batting - Pitching for Bellevue Bruins : RHP Jorge Carrión
Batting: RHB José Magana 0-0: SINGLE (Groundball, 6MD)
Batting: RHB Miguel Rodríguez 0-0: Fly out, F8 (Flyball, 8RS)
Batting: RHB Rafael Canseco 0-0: Ball
1-0: Called Strike
1-1: 2-RUN HOME RUN (Flyball, 7D), Distance : 390 ft
Batting: RHB Bernaldyn Berbedo 0-0: Ball
1-0: Fly out, F9 (Popup, 4D)
Batting: RHB Fred Burt 0-0: Foul Ball, location: 2F
0-1: Ball
1-1: Fly out, F9 (Line Drive, 89M)
Bottom of the 6th over - 2 run(s), 2 hit(s), 0 error(s), 0 left on base; Bellevue 0 - Connetquot 4
TOP OF THE 7TH
Bellevue Bruins batting - Pitching for Connetquot Chiefs : LHP Víctor Sánchez
Batting: RHB Manuel Becerra 0-0: Ball
1-0: Called Strike
1-1: Ball
2-1: Foul Ball, location: 2F
2-2: Ground out 5-3 (Groundball, 5)
Batting: SHB Ernesto Valenzuela 0-0: Called Strike
0-1: Swinging Strike
0-2: Strikes out swinging
Batting: RHB José Carlos Pérez 0-0: Ball
1-0: Swinging Strike
1-1: Ball
2-1: Called Strike
2-2: Ball
3-2: Ground out 6-3 (Groundball, 6M)
Top of the 7th over - 0 run(s), 0 hit(s), 0 error(s), 0 left on base; Bellevue 0 - Connetquot 4
BOTTOM OF THE 7TH
Connetquot Chiefs batting - Pitching for Bellevue Bruins : RHP Jorge Carrión
Batting: RHB Lúcio Marín 0-0: Ball
1-0: Ball
2-0: Called Strike
2-1: Ball
3-1: Base on Balls
Batting: RHB Bert Motevassel 0-0: Bunt missed!
0-1: Bunted foul
0-2: Foul Ball, location: 2F
0-2: Ball
1-2: Fielders Choice at 2nd, 5-4 (Groundball, 56)
Batting: LHB Keith Alexander 0-0: Called Strike
0-1: Ball
1-1: Ball
2-1: SINGLE (Groundball, 34D)
Bert Motevassel to second
Runner from 2nd tries for 3rd, SAFE, throw made to third
Batting: SHB Antonio Vaccarini 0-0: DOUBLE (Flyball, 78M)
Bert Motevassel scores
Keith Alexander to third
Runner from 3rd tries for Home, SAFE, throw made home
Pitching: RHP Jorge Rosas
Batting: RHB José Magana 0-0: Foul Ball, location: 2F
0-1: Ball
1-1: Fly out, F7 (Flyball, 78S)
Batting: RHB Miguel Rodríguez 0-0: Ball
1-0: Ball
2-0: Ball
3-0: Called Strike
3-1: Foul Ball, location: 2F
3-2: Base on Balls
Batting: RHB Rafael Canseco 0-0: Ball
1-0: Ball
2-0: Foul Ball, location: 2F
2-1: Foul Ball, location: 2F
2-2: Ball
3-2: SINGLE (Groundball, 34)
Antonio Vaccarini to third
Miguel Rodríguez to second
Antonio Vaccarini scores
Miguel Rodríguez to third
Batting: RHB Bernaldyn Berbedo 0-0: Ball
1-0: Called Strike
1-1: Swinging Strike
1-2: Ball
2-2: Strikes out swinging
Bottom of the 7th over - 3 run(s), 3 hit(s), 0 error(s), 2 left on base; Bellevue 0 - Connetquot 7
TOP OF THE 8TH
Bellevue Bruins batting - Pitching for Connetquot Chiefs : LHP Víctor Sánchez
Now at C: Ubbe van Antwerpen
Now at 1B: Jesús Rodríguez
Batting: RHB Jim Unknown 0-0: Ball
1-0: Foul Ball, location: 2F
1-1: Foul Ball, location: 2F
1-2: Foul Ball, location: 2F
1-2: Strikes out looking
Batting: LHB Jim Unknown 0-0: Ball
1-0: Called Strike
1-1: Ball
2-1: SOLO HOME RUN (Flyball, 9LD), Distance : 371 ft
Batting: LHB Jim Unknown 0-0: Fly out, F7 (Flyball, 7LM)
Batting: LHB Jim Unknown 0-0: Called Strike
0-1: Called Strike
0-2: Foul Ball, location: 2F
0-2: Ball
1-2: Ball
2-2: Ball
3-2: Foul Ball, location: 2F
3-2: Ground out 6-3 (Groundball, 6)
Top of the 8th over - 1 run(s), 1 hit(s), 0 error(s), 0 left on base; Bellevue 1 - Connetquot 7
BOTTOM OF THE 8TH
Connetquot Chiefs batting - Pitching for Bellevue Bruins : RHP Jorge Rosas
Batting: RHB Fred Burt 0-0: Ball
1-0: Ball
2-0: Called Strike
2-1: Ball
3-1: Foul Ball, location: 2F
3-2: Strikes out looking
Batting: RHB Lúcio Marín 0-0: Ball
1-0: SINGLE (Groundball, 34D)
Batting: RHB Bert Motevassel 0-0: Called Strike
0-1: Ball
1-1: Ball
2-1: Foul Ball, location: 2F
2-2: Foul Ball, location: 2F
2-2: Strikes out swinging
Batting: LHB Keith Alexander 0-0: Ball
1-0: Foul Ball, location: 2F
1-1: Ball
2-1: SINGLE (Groundball, 6MD)
Lúcio Marín to second
Runner from 2nd tries for 3rd, SAFE, throw made to third
Batting: SHB Antonio Vaccarini 0-0: Called Strike
0-1: Ball
1-1: Foul Ball, location: 2F
1-2: Hit by Pitch
Keith Alexander to second
Batting: LHB Ubbe van Antwerpen 0-0: Ball
1-0: Ball
2-0: Called Strike
2-1: Foul Ball, location: 2F
2-2: Strikes out looking
Bottom of the 8th over - 0 run(s), 2 hit(s), 0 error(s), 3 left on base; Bellevue 1 - Connetquot 7
TOP OF THE 9TH
Bellevue Bruins batting - Pitching for Connetquot Chiefs : LHP Víctor Sánchez
Batting: RHB Leo Shoemaker 0-0: Ground out 5-3 (Groundball, 5S)
Batting: RHB Edgar González 0-0: SINGLE (Groundball, 6M)
Pitching: RHP Jim Unknown
Batting: RHB Manuel Becerra 0-0: Called Strike
0-1: Ball
1-1: Called Strike
1-2: Ball
2-2: Strikes out swinging
Batting: SHB Ernesto Valenzuela 0-0: Called Strike
0-1: Ground out 4-3 (Groundball, 4)
Top of the 9th over - 0 run(s), 1 hit(s), 0 error(s), 1 left on base; Bellevue 1 - Connetquot 7
This league is powered by Out of the Park Baseball, the baseball management simulation game for PC, Mac and Linux
Friday, October 23rd, 2015 - OOTP Baseball 16.9 Build 39